 Dungeon Crawl Stone Soup version 0.28.0-53-g5a82cb258f (webtiles) character file.

Game seed: 16245535619211919866

969 Legadrian the Nimble (level 8, -2/56 HPs)
             Began as a Human Brigand on July 1, 2022.
             Was a Plaything of Xom.
             Succumbed to a scorpion's poison
             ... on level 5 of the Dungeon.
             The game lasted 00:15:27 (5665 turns).

Legadrian the Nimble (Human Brigand)                Turns: 5665, Time: 00:15:27

Health: -2/56      AC:  5    Str:  9    XL:     8   Next: 38%
Magic:  8/8        EV: 17    Int: 12    God:    Xom [..*...]
Gold:   235        SH:  0    Dex: 17    Spells: 7/7 levels left

rFire   + + +      SeeInvis .   m - +3 rapier of True Grit {flame, rF+ Str-2 Stlth+}
rCold   + . .      Faith    .   (no shield)
rNeg    + . .      Spirit   .   b - +2 robe
rPois   .          Reflect  .   r - +0 helmet
rElec   .          Harm     .   i - scarf {rC+ rF+}
rCorr   .          Rampage  .   (no gloves)
Will    .....                   (no boots)
Stlth   ++++......              o - amulet of the acrobat
HPRegen 0.18/turn               h - ring of positive energy
MPRegen 0.11/turn               p - ring of protection from fire

@: lethally poisoned (-2 -> -17), studying Throwing
A: talons 1, wild magic 1
a: Renounce Religion


You were on level 5 of the Dungeon.
You worshipped Xom.
You were a toy of Xom.
You visited 1 branch of the dungeon, and saw 5 of its levels.

You collected 235 gold pieces.

Inventory:

Hand Weapons
 a - a +2 dagger
 g - a +2 short sword of holy wrath
 m - the +3 rapier of True Grit (weapon) {flame, rF+ Str-2 Stlth+}
   (You acquired it on level 5 of the Dungeon)

   It burns those it strikes, dealing additional fire damage.
   Str:       It affects your strength (-2).
   rF:        It protects you from fire.
   Stlth:     It makes you more stealthy.
Missiles
 d - 13 poisoned darts (quivered)
 e - 2 curare-tipped darts
Armour
 b - a +2 robe (worn)
 c - a +0 cloak
 f - an orb of guile
 i - a scarf of resistance (worn)
 j - the +1 ring mail of the Distant Future {Str+4}
   (You found it on level 3 of the Dungeon)

   Str:       It affects your strength (+4).
 r - a +0 helmet (worn)
Jewellery
 h - a ring of positive energy (left hand)
 o - an amulet of the acrobat (around neck)
 p - a ring of protection from fire (right hand)
Wands
 k - a wand of mindburst (19)
Scrolls
 l - a scroll of blinking
 q - a scroll of identify


   Skills:
 - Level 2.0 Fighting
 - Level 2.0 Short Blades
 - Level 2.0 Throwing
 + Level 9.2 Dodging
 - Level 4.0 Stealth


You had 7 spell levels left.
You didn't know any spells.
Your spell library contained the following spells:

 Spells                   Type           Power      Damage    Failure   Level
 Shock                    Conj/Air       0%         1d3       41%         1
 Swiftness                Air            0%         N/A       77%         3
 Airstrike                Air            0%         N/A       98%         4


Dungeon Overview and Level Annotations

Branches:
Dungeon (5/15)
 Temple: D:4-7

Altars:
Gozag
Kikubaaqudgha
Makhleb
Nemelex Xobeh
Qazlal
Ru
Uskayaw
Xom
Zin

Shops:
D:1 *


Innate Abilities, Weirdness & Mutations

You have sharp toenails.
Your spells are a little harder to cast, but a little more powerful.


Message History

You feel sick. The scorpion completely misses you.
You hit the scorpion but do no damage.
The scorpion is moderately wounded.
You feel sick. The scorpion misses you. The scorpion stings you.
A scorpion comes into view.
You hit the scorpion. You burn the scorpion.
The scorpion is heavily wounded.
You feel sick. The scorpion misses you.
You closely miss the scorpion.
The scorpion is heavily wounded.
You feel sick. The scorpion stings you.
You are more poisoned.
The scorpion poisons you!
You hit the scorpion but do no damage.
You claw the scorpion, but do no damage.
The scorpion is heavily wounded.
You feel very sick.
The scorpion stings you but does no damage. x2
You hit the scorpion. You burn the scorpion.
You claw the scorpion, but do no damage.
The scorpion is severely wounded.
You feel very sick. The scorpion stings you.
* * * LOW HITPOINT WARNING * * *
You hit the scorpion but do no damage. Your kick misses the scorpion.
The scorpion is severely wounded.
You feel sick. The scorpion completely misses you.
You barely miss the scorpion.
The scorpion is severely wounded.
You feel sick. The scorpion closely misses you. The scorpion misses you.
You barely miss the scorpion.
The scorpion is severely wounded.
You feel sick. The scorpion stings you.
* * * LOW HITPOINT WARNING * * *
You are more poisoned.
The scorpion poisons you!
You hit the scorpion. You burn the scorpion.
You kill the scorpion!
You die...
Xom thinks this is hilarious!

####....>.#####'#####..#.#.#.#.#
#......#.........#..#.#.#.#.#
#......#.8..8..8.#.#.........
#......#.........#.#..#.#.#.#
#......##'##'##'##.#..#.#.#.#
#......###..#..###.#....#.#..
#####......###†##†..##.##.#.#.###
...........#..#.##...#.##.#......
#.########.##.#.@##).#.##.#......
#.# #.###+##†##'#.##.#.#.#.. #.#
#.# #..h...#........... #.# #.#
#......#........... #.# #.#
#......#.##.......# #.#
#.#...###...#.##.#.#.#.. #.#
#.#..Z #...#.##.#.#.#.. #.# #.#..
#...#.##........ #.########.#..
.####.##.#.#.###


You could see a black bear.

Vanquished Creatures
  A naga (D:5)
  A water moccasin (D:5)
  A sky beast (D:5)
  An ogre (D:5)
  3 scorpions
  A water moccasin zombie (D:5)
  A howler monkey (D:4)
  A hound (D:4)
  An orc priest (D:5)
  3 jellies (D:5)
  2 iguanas (D:5)
  A hound skeleton (D:4)
  7 adders
  3 dart slugs
  4 orcs
  6 bats
  4 endoplasms
  4 giant cockroaches
  6 hobgoblins
  2 jackals (D:1)
  5 quokkas
  8 ball pythons
  4 frilled lizards
  9 goblins
  3 kobolds (D:2)
  8 rats
90 creatures vanquished.

Vanquished Creatures (others)
  An orc wizard (D:5)
1 creature vanquished.

Grand Total: 91 creatures vanquished

Notes
Turn   | Place    | Note
-------+----------+-------------------------------------------
     0 | D:1      | Legadrian the Human Brigand began the quest for the Orb.
     0 | D:1      | Reached XP level 1. HP: 16/16 MP: 1/1
    71 | D:1      | Reached XP level 2. HP: 18/22 MP: 2/2
   163 | D:1      | Reached skill level 2 in Dodging
   239 | D:1      | Found Masuoqal's General Store.
   254 | D:1      | Found a faded altar of an unknown god.
   518 | D:1      | Reached XP level 3. HP: 20/27 MP: 3/3
   672 | D:1      | Reached skill level 3 in Dodging
  1373 | D:2      | Reached XP level 4. HP: 30/33 MP: 4/4
  1942 | D:2      | Reached skill level 4 in Dodging
  1951 | D:2      | Found an ancient bone altar of Kikubaaqudgha.
  2235 | D:3      | Identified the +1 ring mail of the Distant Future {Str+4}
  2552 | D:3      | Found a hide-covered altar of Uskayaw.
  2553 | D:3      | Found a shimmering altar of Xom.
  2553 | D:3      | Found a stormy altar of Qazlal.
  2553 | D:3      | Found a glowing silver altar of Zin.
  2554 | D:3      | Found a sacrificial altar of Ru.
  2580 | D:3      | Became a worshipper of Xom of Chaos
  2736 | D:4      | Reached XP level 5. HP: 38/38 MP: 5/5
  2744 | D:4      | XOM: silly message
  2777 | D:4      | XOM: silly message
  2849 | D:4      | Reached skill level 5 in Dodging
  2849 | D:4      | Reached XP level 6. HP: 32/44 MP: 6/6
  3009 | D:4      | XOM: silly message
  3120 | D:4      | XOM: give mutation
  3120 | D:4      | Gained mutation: You have sharp toenails. [Xom's grace]
  3165 | D:4      | Found a sparkling altar of Nemelex Xobeh.
  3319 | D:4      | XOM: silly message
  3527 | D:4      | Reached skill level 6 in Dodging
  3788 | D:4      | XOM: scenery: summon butterflies
  4033 | D:5      | Entered Level 5 of the Dungeon
  4114 | D:5      | Found a burning altar of Makhleb.
  4122 | D:5      | Noticed a water moccasin
  4125 | D:5      | XOM: divination: magic mapping
  4133 | D:5      | Killed a water moccasin
  4134 | D:5      | Reached skill level 7 in Dodging
  4134 | D:5      | Reached XP level 7. HP: 32/50 MP: 7/7
  4283 | D:5      | Noticed a naga
  4283 | D:5      | an ogre changed into a naga
  4283 | D:5      | XOM: polymorph ogre -> naga
  4290 | D:5      | Killed a naga
  4414 | D:5      | XOM: 8-stop teleportation journey
  4432 | D:5      | XOM: divine lightning
  4457 | D:5      | XOM: 7-stop teleportation journey
  4615 | D:5      | XOM: enchant monster (good)
  4618 | D:5      | Reached skill level 8 in Dodging
  4782 | D:5      | XOM: potion effect (heal wounds)
  4796 | D:5      | Reached XP level 8. HP: 11/56 MP: 8/8
  4914 | D:5      | XOM: god gift: scroll labelled GYIFIA PEGAYDGH {god gift}
  5157 | D:5      | Identified 2 scrolls of acquirement
  5157 | D:5      | Acquired an amulet of the acrobat
  5166 | D:5      | Acquired the +3 rapier of True Grit {flame, rF+ Str-2
                  | Stlth+}
  5247 | D:5      | Found an opulent altar of Gozag.
  5460 | D:5      | Reached skill level 9 in Dodging
  5467 | D:5      | XOM: summons 3 hostile demons
  5504 | D:5      | XOM: give mutation
  5504 | D:5      | Gained mutation: Your spells are a little harder to cast,
                  | but a little more powerful. [Xom's grace]
  5664 | D:5      | HP: 2/56 [scorpion (5)]
  5665 | D:5      | Succumbed to a scorpion's poison

Illustrated notes

Levels and vault maps discovered:
D:1:      amcnicky_arrival_flooded_fountain, layout_loops_ring, serial_shops,
          nicolae_shop_advertising_works [nicolae_subvault_shop_adworks],
          nicolae_ecumenical_snake_handling, minmay_pentomino_s4
D:2:      layout_loops_corners, basic_altar, grunt_ministairs_13,
          kennysheep_crisscross, minmay_liquid_box
D:3:      layout_basic, grunt_temple_overflow_open,
          hangedman_abyss_or_decor_lesser_grid
D:4:      layout_cave_pods, nemelex_dance_club_becter
D:5:      minmay_chambers_of_threes, layout_basic, kennysheep_little_box,
          mainiacjoe_overflow_six_doors_small

Skill      XL: |  1  2  3  4  5  6  7  8 |
---------------+-------------------------+-----
Dodging        | 2 3 4 5 7 8 9 |  9.2
Fighting       | |  2.0
Short Blades   | |  2.0
Throwing       | |  2.0
Stealth        | |  4.0

Action                   |  1- 3 |  4- 6 |  7- 9 || total
-------------------------+-------+-------+-------++-------
Melee: Dagger            |   111 |     5 |       ||   116
       Short sword       |       |   111 |    52 ||   163
       Punch             |       |     1 |     1 ||     2
       Kick              |       |    11 |    27 ||    38
       Rapier            |       |       |    37 ||    37
  Use: Scroll            |     3 |     2 |     4 ||     9
       Potion            |       |     1 |     4 ||     5
 Stab: Sleeping          |     5 |     9 |     6 ||    20
       Petrifying        |       |       |     1 ||     1
Armor: Robe              |    33 |    21 |    23 ||    77
Dodge: Dodged            |    58 |    66 |    85 ||   209
